 Dungeon Sprint DCSS version 0.27.1-1-g398f81649c (webtiles) character file.

Game seed: 14482633729589676525

90 styxcanada the Covert (level 4, -6/23 HPs)
             Began as a Spriggan Brigand on Sept 20, 2021.
             Was an Initiate of Gozag.
             Splashed by an oklob sapling priest's acid (15 damage)
             ... in the Dungeon (Sprint IV: "Fedhas' Mad Dash").
             The game lasted 00:01:18 (79 turns).

styxcanada the Covert (Spriggan Brigand)              Turns: 79, Time: 00:01:20

Health: -6/23      AC:  3    Str:  7    XL:     4   Next: 32%
Magic:  3/5        EV: 18    Int: 12    God:    Gozag
Gold:   24         SH:  0    Dex: 17    Spells: 3/3 levels left

rFire    . . .     SeeInvis +   a - +2 dagger
rCold    . . .     Faith    .   (shield restricted)
rNeg     . . .     Spirit   .   b - +0 robe
rPois    .         Reflect  .   (helmet restricted)
rElec    .         Harm     .   c - +0 cloak
rCorr    .         Rampage  .   (gloves unavailable)
Will     .....     NoTele   +   (boots unavailable)
Stlth    +++++.....             m - amulet of invisibility {+Inv}
HPRegen  0.07/turn              (no ring)
MPRegen  0.09/turn              (no ring)

@: very slightly contaminated, invisible, very quick
A: very small, no large weapons, unfitting armour, see invisible, speed 3
a: Renounce Religion, Evoke Invisibility, Potion Petition, Call Merchant, Bribe
Branch


You were in the Dungeon.
You worshipped Gozag.
Gozag was noncommittal.
You visited 1 branch You collected 24 gold pieces.

Inventory:

Hand Weapons
 a - a +2 dagger (weapon)
Missiles
 d - 7 poisoned darts (quivered)
 e - 2 curare-tipped darts
Armour
 b - a +0 robe (worn)
 c - a +0 cloak (worn)
Jewellery
 m - the amulet of invisibility (around neck) {+Inv}
   (You found it in the Dungeon)

   [amulet of nothing]

   +Inv:      It lets you turn invisible.
Scrolls
 k - a scroll of blinking
 l - a scroll of enchant armour {unknown}
Potions
 f - a potion of curing
 g - a potion of heal wounds
 h - a potion of haste
 i - 2 potions of magic
 j - a potion of berserk rage


   Skills:
 * Level 2.8 Fighting
 + Level 2.8 Short Blades
 + Level 3.0 Throwing
 * Level 3.9 Dodging
 * Level 11.9 Stealth


You had 3 spell levels left.
You didn't know any spells.
Your spell library was empty.

Dungeon Overview and Level Annotations

Branches:
Dungeon (1/1)

Altars:
Cheibriados
Dithmenos
Elyvilon
Gozag
Hepliaklqana
Kikubaaqudgha
Makhleb
Nemelex Xobeh
Okawaru
Qazlal
Ru
Sif Muna
Trog
Uskayaw
Vehumet
Wu Jian
Xom
Yredelemnul
Zin
The Shining One
Beogh
Jiyva
Lugonu

Annotations:
D exclusion: oklob sapling


Innate Abilities, Weirdness & Mutations

You are very small and have problems with some larger weapons.
You are too small for most types of armour.
You have supernaturally acute eyesight. (SInv)
You cover ground extremely quickly. (Speed+++)


Message History

You now have 24 gold pieces (gained 10).
You start putting on your amulet.
You continue putting on the amulet of invisibility {+Inv}. x5
You finish putting on the amulet of invisibility {+Inv}.
m - the amulet of invisibility (around neck) {+Inv} You fail to use your ability.
You fail to use your ability.
You fail to use your ability.
You fail to use your ability.
You fail to use your ability.
You fail to use your ability.
You fail to use your ability.
You fail to use your ability.
You fail to use your ability.
You fail to use your ability.
You fail to use your ability.
You fade into invisibility!
You are very lightly contaminated with residual magic.
You open the door.
Found ten altars.
An oklob sapling priest comes into view.
Found three altars.
Marking area around an oklob sapling as unsafe for travelling.
There is an open door here.
Found three altars.
Found two altars.
Found three altars.
There is an opulent altar of Gozag here.
You kneel at the altar of Gozag.
Gozag welcomes you!
Gozag waives the service fee.
Found a corrupted altar of Lugonu and a radiant altar of Vehumet.
There is a hazy altar of Hepliaklqana here.
The oklob sapling priest spits acid at you.
The splash of acid hits you!
Ouch! That really hurt!
You are splashed with acid!
Ouch! That really hurt!
You die...
Your body crumbles into a pile of gold.

########################
....#.....#.⌠._._._._.⌠.
$
....'.#((.'.._._@_._._..
$ $
....#.#†..#..._._P_._...
########+##.._._._._._..
$ $ #._._._._._.⌠. $
$############## $ $$ $


You could see an oklob sapling priest.

Vanquished Creatures
  A scorpion (D)
  An oklob sapling (D)
  A river rat (D)
  A rat (D)
4 creatures vanquished.

Notes
Turn   | Place    | Note
-------+----------+-------------------------------------------
     0 | D        | styxcanada the Spriggan Brigand began the quest for the
                  | Orb.
     0 | D        | Reached XP level 1. HP: 10/10 MP: 2/2
    14 | D        | Reached skill level 6 in Stealth
    20 | D        | Reached skill level 8 in Stealth
    20 | D        | Reached XP level 2. HP: 15/15 MP: 3/3
    35 | D        | Noticed an oklob sapling
    37 | D        | Killed an oklob sapling
    38 | D        | Reached skill level 9 in Stealth
    38 | D        | Reached XP level 3. HP: 18/18 MP: 4/4
    39 | D        | Noticed a scorpion
    39 | D        | Found the amulet of invisibility {+Inv}
    41 | D        | Killed a scorpion
    42 | D        | Reached skill level 11 in Stealth
    42 | D        | Reached XP level 4. HP: 23/23 MP: 5/5
    71 | D        | Found an opulent altar of Gozag.
    71 | D        | Found a hazy altar of Hepliaklqana.
    71 | D        | Found a burning altar of Makhleb.
    71 | D        | Found a sparkling altar of Nemelex Xobeh.
    71 | D        | Found a snail-covered altar of Cheibriados.
    71 | D        | Found a sacrificial altar of Ru.
    71 | D        | Found a shimmering blue altar of Sif Muna.
    71 | D        | Found a shimmering altar of Xom.
    71 | D        | Found a basalt altar of Yredelemnul.
    72 | D        | Found a viscous altar of Jiyva.
    72 | D        | Found a bloodstained altar of Trog.
    72 | D        | Found an ornate altar of the Wu Jian Council.
    73 | D        | Found an iron altar of Okawaru.
    73 | D        | Found a shadowy altar of Dithmenos.
    73 | D        | Found a glowing silver altar of Zin.
    74 | D        | Found an ancient bone altar of Kikubaaqudgha.
    74 | D        | Found a hide-covered altar of Uskayaw.
    75 | D        | Found a stormy altar of Qazlal.
    75 | D        | Found a white marble altar of Elyvilon.
    75 | D        | Found a glowing golden altar of the Shining One.
    76 | D        | Became a worshipper of Gozag Ym Sagoz the Greedy
    77 | D        | Found a corrupted altar of Lugonu.
    77 | D        | Found a radiant altar of Vehumet.
    79 | D        | Splashed by an oklob sapling priest's acid

Illustrated notes

Levels and vault maps discovered:
D:        dungeon_sprint_fedhas [sprint_temple]

Skill      XL: |  1  2  3 |
---------------+----------+-----
Stealth        | 8 9 11 | 11.9
Dodging        | 2 3 |  3.9
Fighting       | 2 |  2.8
Throwing       | 3 |  3.0
Short Blades   | |  2.8

Action                   |  1- 3 |  4- 6 || total
-------------------------+-------+-------++-------
Melee: Dagger            |     4 |       ||     4
Throw: Dart              |     7 |       ||     7
 Abil: Evoke Invisibilit |       |     1 ||     1
 Stab: Sleeping          |     2 |       ||     2
Dodge: Dodged            |     4 |       ||     4
